 Dungeon Crawl Stone Soup version 0.28-b1-1-g3c77fb2ed1 (webtiles) character file.

Game seed: 1255299329884168469

6 cayde69 the Caller (level 1, 0/10 HPs)
             Began as a Vampire Summoner on Jan 28, 2022.
             Slain by a hobgoblin (1 damage)
             ... on level 1 of the Dungeon.
             The game lasted 00:04:33 (169 turns).

cayde69 the Caller (Vampire Summoner)                Turns: 169, Time: 00:04:34

Health: 0/10       AC:  2    Str:  7    XL:     1   Next: 75%
Magic:  2/3        EV: 12    Int: 17    God:
Gold:   0          SH:  0    Dex: 14    Spells: 3/4 levels left

rFire   . . .      SeeInvis +   (no weapon)
rCold   + + .      Faith    .   (no shield)
rNeg    + + +      Spirit   .   a - +0 robe
rPois   ∞          Reflect  .   (no helmet)
rElec   .          Harm     .   (no cloak)
rCorr   .          Rampage  .   (no gloves)
Will    .....                   (no boots)
Stlth   ++++......              (no amulet)
HPRegen 0.00/turn               (no ring)
MPRegen 0.08/turn               (no ring)

@: bloodless, inhibited regen
A: bloodless, fangs 3, see invisible, vampiric 1
a: Revivify


You were on level 1 of the Dungeon.
You visited 1 branch of the dungeon, and saw 1 of its levels.

Inventory:

Hand Weapons
 b - a +0 whip
Armour
 a - a +0 robe (worn)


   Skills:
 + Level 2.1 Dodging
 + Level 3.0 Stealth
 + Level 2.1 Spellcasting
 + Level 4.2 Summonings


You had 3 spell levels left.
You knew the following spells:

 Your Spells              Type           Power      Damage    Failure   Level
a - Summon Small Mammal   Summ           64%        N/A       3%          1

Your spell library contained the following spells:

 Spells                   Type           Power      Damage    Failure   Level
 Call Imp                 Summ           16%        N/A       4%          2
 Call Canine Familiar     Summ           16%        N/A       10%         3
 Summon Guardian Golem    Hex/Summ       9%         N/A       24%         3
 Summon Lightning Spire   Summ/Air       9%         N/A       63%         4


Dungeon Overview and Level Annotations

Branches:
Dungeon (1/15)

Altars:


Innate Abilities, Weirdness & Mutations

You do not regenerate when monsters are visible.
You are frail without blood (-20% HP).
You can heal yourself when you bite living creatures.
You are immune to poison.
You have razor-sharp teeth.
You have supernaturally acute eyesight. (SInv)
You are afflicted with vampirism.


Message History

Really attack while wielding nothing?
You hit the rat.
The rat is heavily wounded.
The hobgoblin shouts!
Your quokka closely misses the rat.
The rat closely misses you.
There are monsters nearby!
You completely miss the rat.
The rat is heavily wounded.
Your quokka bites the rat.
The rat dies!
There are monsters nearby!
Your quokka misses the kobold.
There are monsters nearby!
There are monsters nearby!
You hit the kobold but do no damage.
Your quokka bites the kobold.
There are monsters nearby!
You hit the kobold but do no damage.
The kobold is moderately wounded.
Your quokka closely misses the kobold.
The kobold hits you but does no damage.
Your quokka closely misses the kobold.
The hobgoblin closely misses your quokka.
There are monsters nearby!
You closely miss the kobold. You bite the kobold.
You kill the kobold!
You hit the hobgoblin but do no damage.
Your quokka barely misses the hobgoblin.
A dart slug comes into view.
The hobgoblin hits you.
* * * LOW HITPOINT WARNING * * *
You hit the hobgoblin but do no damage.
Your quokka barely misses the hobgoblin.
The hobgoblin closely misses you.
You swap places.
Your quokka bites the hobgoblin.
The hobgoblin completely misses your quokka.
You hit the hobgoblin.
The hobgoblin is almost dead.
Your quokka closely misses the hobgoblin.
Your quokka barely misses the hobgoblin.
The hobgoblin hits you.
You die...

#.##.# #.#
.....# #.#
#.##.# #.#
#.##.# #.#
#.##.# #.#
#.##.# #.#
#.##.## #.#
#.##r..#.###.#
#...g@###....#
#..##..#.#####
#.. #.#.. #.
#.#.## #.
.w..# # .#..
...# .#...


You could see a dart slug, a hobgoblin (ally target) and a friendly quokka
(summoned).

Vanquished Creatures
  A kobold (D:1)
  A frilled lizard (D:1)
2 creatures vanquished.

Vanquished Creatures (collateral kills)
  A hobgoblin (D:1)
  A quokka (D:1)
  A kobold (D:1)
  A rat (D:1)
4 creatures vanquished.

Grand Total: 6 creatures vanquished

Notes
Turn   | Place    | Note
-------+----------+-------------------------------------------
     0 | D:1      | cayde69 the Vampire Summoner began the quest for the Orb.
     0 | D:1      | Reached XP level 1. HP: 13/13 MP: 3/3
   169 | D:1      | Slain by a hobgoblin

Illustrated notes

Levels and vault maps discovered:
D:1:      minmay_arrival_split_and_join, layout_loops_ring,
          hellmonk_ecumenical_altar_lost_god, minmay_unequal

Action                   || total
-------------------------++-------
Melee: Unarmed           ||    11
       Bite              ||     1
 Cast: Summon Small Mamm ||     7
 Abil: Exsanguinate      ||     1
 Stab: Sleeping          ||     1
Armor: Robe              ||     2
Dodge: Dodged            ||     5
